 Dungeon Crawl Stone Soup version 0.31.0-4-g52a2dc7128 (webtiles) character file.

Game seed: 9345564150451003977

44309516 RepoMan the Heavyweight Champion (level 27, 419/419 HPs)
             Began as a Troll Fighter on Jan 21, 2024.
             Was the Champion of Wu Jian.
             Escaped with the Orb
             ... and 15 runes
             ... and 11 gems (10 intact) on Jan 23, 2024!
             The game lasted 12:15:36 (33755 turns).

RepoMan the Heavyweight Champion (Troll Fighter)   Turns: 33755, Time: 12:15:37

Health: 419/419    AC: 47    Str: 39    XL:     27
Magic:  28/28      EV: 13    Int: 11    God:    Wu Jian [******]
Gold:   1206       SH: 32    Dex: 12    Spells: 17/34 levels left

rFire   + +          .
                       - Unarmed
rCold   + . .        C - +8 tower shield
rNeg    + . .        W - melded +9 ice dragon scales "Borhysem" {Rampage ^Drain rF- rC++ Str+6 Slay+2}
rPois   ∞            V - +2 hat
rElec   +            m - +2 cloak {Stlth+}
rCorr   +            (gloves unavailable)
SInv    +            (boots unavailable)
Will    ++++.        S - amulet "Tapiuch" {Acrobat Will++ Regen+ Dex-2 SInv}
Stlth   +            E - ring of Ygesikloeve {rF+ rCorr}
HPRegen 2.49/turn    d - ring of Gekkan {rF+ AC+4 Str+3 Int+4}
MPRegen 0.21/turn

%: acrobat
@: statue-form, very slow
A: slow and powerful, torment resistance 1, boosted hp, large, unfitting armour,
claws 3, regeneration 1, (shaggy fur 1), (tough skin 1), hooves 1, horns 1, cold
resistance 1, mutation resistance 1, strong 1
0: Orb of Zot
}: 15/15 runes: decaying, serpentine, slimy, silver, golden, iron, obsidian,
icy, bone, abyssal, demonic, glowing, magical, fiery, dark
a: Begin Untransformation, Renounce Religion, Wall Jump, Serpent's Lash,
Heavenly Storm


You escaped.
You worshipped Wu Jian.
Wu Jian was exalted by your worship.
You were a living statue of rough stone.
You visited 18 branches of the dungeon, and saw 88 of its levels.
You visited Pandemonium 2 times, and saw 22 of its levels.
You visited the Abyss 2 times.
You visited 1 ziggurat, and saw 5 of its levels.
You also visited: Volcano and Desolation.

You collected 5231 gold pieces.
You spent 4025 gold pieces at shops.

Inventory:

Missiles
 z - 4 curare-tipped darts
 L - 43 large rocks (quivered)
 Q - a throwing net
Armour
 c - the +0 animal skin of Disappointment {rPois Regen+ Str+2}
   (You acquired it on level 7 of the Dungeon)

   Str+2:     It affects your strength (+2).
   rPois:     It protects you from poison Regen+: It increases your rate of
   health regeneration.
 f - +0 fire dragon scales
 m - a +2 cloak of stealth (worn)
 C - a +8 tower shield (worn)
 F - +2 shadow dragon scales
 H - the +5 Storm Queen's Shield {shock, Fly rElec}
   (You found it on level 3 of the Elven Halls)

   Shock:     When it blocks an attack, it may electrocute the attacker.
   This works even against foes who are a short distance away.
   rElec:     It insulates you from electricity.
   Fly:       It grants you flight.
 V - a +2 hat (worn)
 W - the +9 ice dragon scales "Borhysem" (melded) {Rampage ^Drain rF- rC++ Str+6 Slay+2}
   (You bought it in a shop on level 9 of the Dungeon)

   Str+6:     It affects your strength (+6).
   Slay+2:    It affects your accuracy & damage with ranged weapons and melee
   (+2).
   rF-:       It makes you vulnerable to fire.
   rC++:      It greatly protects you from cold.
   ^Drain:    It drains your maximum health when unequipped.
   Rampage:   It bestows one free step when moving towards enemies.
Jewellery
 d - the ring of Gekkan (right claw) {rF+ AC+4 Str+3 Int+4}
   (You found it on level 7 of Tartarus)

   [ring of protection]

   AC+4:      It affects your AC (+4).
   Str+3:     It affects your strength (+3).
   Int+4:     It affects your intelligence (+4).
   rF+:       It protects you from fire.
 k - a ring of willpower
 q - a ring of flight
 r - the ring "Atraru" {rC+ Int+6 Stlth+}
   (You found it on level 7 of Tartarus)

   [ring of intelligence]

   Int+6:     It affects your intelligence (+6).
   rC+:       It protects you from cold.
   Stlth+:    It makes you more stealthy.
 x - the ring of Qohymp {rC+ rN+ Str+3}
   (You found it on level 7 of Tartarus)

   [ring of protection from cold]

   Str+3:     It affects your strength (+3).
   rC+:       It protects you from cold.
   rN+:       It protects you from negative energy.
 y - the ring "Jogiasux" {rPois rN++ Will+ Str+6 Stlth-}
   (You found it on level 7 of Cocytus)

   [ring of strength]

   Str+6:     It affects your strength (+6).
   rPois:     It protects you from poison rN++: It greatly protects you from
   negative energy.
   Will+:     It increases your willpower.
   Stlth-:    It makes you less stealthy.
 B - a ring of positive energy
 E - the ring of Ygesikloeve (left claw) {rF+ rCorr}
   (You found it on level 7 of Gehenna)

   [ring of protection from fire]

   rF+:       It protects you from fire.
   rCorr:     It protects you from acid and corrosion.
 M - the ring "Fus Ureluni" {AC+4 Str+3 Stlth+}
   (You took it off a spriggan berserker on level 2 of the Depths)

   [ring of protection]

   AC+4:      It affects your AC (+4).
   Str+3:     It affects your strength (+3).
   Stlth+:    It makes you more stealthy.
 O - the amulet "Tezuabyt" {Acrobat Regen+ Dex+3 Stlth+}
   (You found it in the Desolation of Salt)

   [amulet of the acrobat]

   Acrobat:   It increases your evasion while moving and waiting.
   Dex+3:     It affects your dexterity (+3).
   Regen+:    It increases your rate of health regeneration.
   Stlth+:    It makes you more stealthy.
 P - a ring of see invisible
 R - the ring "Qell" {rF+ Will+ MP+9}
   (You found it on level 4 of the Depths)

   [ring of willpower]

   rF+:       It protects you from fire.
   Will+:     It increases your willpower.
   MP+9:      It affects your magic capacity (+9).
 S - the amulet "Tapiuch" (around neck) {Acrobat Will++ Regen+ Dex-2 SInv}
   (You found it on level 3 of the Crypt)

   [amulet of the acrobat]

   Acrobat:   It increases your evasion while moving and waiting.
   Dex-2:     It affects your dexterity (-2).
   Will++:    It greatly increases your willpower.
   SInv:      It lets you see invisible.
   Regen+:    It increases your rate of health regeneration.
Talismans
 g - a granite talisman (active)
 i - a talisman of death
Wands
 b - a wand of digging (16)
 j - a wand of flame (45)
 l - a wand of roots (22)
 T - a wand of charming (26)
 Z - a wand of light (7)
Scrolls
 s - 6 scrolls of fear
 A - 2 scrolls of immolation
 G - 3 scrolls of teleportation
 J - 4 scrolls of poison
 N - 14 scrolls of vulnerability
 U - a scroll of silence
Potions
 o - 7 potions of mutation
 p - 4 potions of heal wounds
 t - 3 potions of enlightenment
 u - a potion of invisibility
 v - 4 potions of lignification
 w - 17 potions of curing
 D - 7 potions of brilliance
 I - 4 potions of cancellation
 K - 3 potions of magic
Miscellaneous
 a - the horn of Geryon


   Skills:
 O Level 27 Fighting
 + Level 11.8 Armour
 - Level 9.9 Dodging
 * Level 26.6 Shields
 O Level 27 Unarmed Combat
 - Level 4.4 Spellcasting
 + Level 14.0 Translocations
 - Level 9.9 Air Magic
 + Level 25.1 Shapeshifting


You had 17 spell levels left.
You knew the following spells:

 Your Spells              Type           Power      Damage    Failure   Level
a - Manifold Assault      Tloc           33%        N/A       1%          4
b - Blink                 Tloc           66%        N/A       1%          2
g - Apportation           Tloc           66%        N/A       1%          1
l - Lesser Beckoning      Tloc           66%        N/A       1%          2
p - Passage of Golubria   Tloc           33%        N/A       1%          4
v - Vhi's Electric Charg  Tloc/Air       56%        N/A       1%          4

Your spell library contained the following spells:

 Spells                   Type           Power      Damage    Failure   Level
 Momentum Strike          Conj/Tloc      34%        3d8       1%          2
 Gell's Gravitas          Tloc           33%        N/A       1%          3
 Swiftness                Air            24%        N/A       1%          3
 Teleport Other           Tloc           33%        N/A       1%          3
 Shock                    Conj/Air       52%        1d6       3%          1
 Volatile Blastmotes      Fire/Tloc      34%        2d12      3%          3
 Airstrike                Air            12%        2d(2-18)  3%          4
 Mercury Vapours          Alch/Air       26%        N/A       4%          2
 Cigotuvi's Dreadful Rot  Necr/Alch/Air  18%        N/A       9%          2
 Dispersal                Tloc           16%        N/A       11%         6
 Mephitic Cloud           Conj/Alch/Air  9%         N/A       19%         3
 Foxfire                  Conj/Fire      8%         2x1d4     22%         1
 Kiss of Death            Conj/Necr      8%         2d6       22%         1
 Slow                     Hex            8%         N/A       22%         1
 Call Imp                 Summ           4%         N/A       34%         2
 Ensorcelled Hibernation  Hex/Ice        4%         N/A       34%         2
 Jinxbite                 Hex            4%         N/A       34%         2
 Summon Forest            Summ/Tloc      8%         N/A       34%         5
 Confusing Touch          Hex            2%         N/A       56%         3
 Dazzling Flash           Conj/Hex       4%         N/A       56%         3
 Fugue of the Fallen      Necr           2%         N/A       56%         3
 Inner Flame              Hex/Fire       2%         N/A       56%         3
 Ozocubu's Armour         Ice            2%         N/A       56%         3
 Passwall                 Erth           2%         N/A       56%         3
 Stone Arrow              Conj/Erth      4%         3d7       56%         3
 Arcjolt                  Conj/Air       6%         1d16      63%         5
 Silence                  Hex/Air        6%         N/A       63%         5
 Freezing Cloud           Conj/Ice/Air   4%         6-21      86%         5
 Anguish                  Hex/Necr       1%         N/A       92%         4
 Animate Armour           Summ/Erth      4%         N/A       92%         4
 Animate Dead             Necr           2%         N/A       92%         4
 Cause Fear               Hex            1%         N/A       92%         4
 Dispel Undead            Necr           2%         3d7       92%         4
 Flame Wave               Conj/Fire      2%         2d4       92%         4
 Ignite Poison            Fire/Alch      2%         N/A       92%         4
 Leda's Liquefaction      Alch/Erth      1%         N/A       92%         4
 Martyr's Knell           Necr/Summ      2%         N/A       92%         4
 Sticky Flame             Fire/Alch      2%         2d4       92%         4
 Alistair's Intoxication  Alch           1%         N/A       99%         5
 Borgnjor's Vile Clutch   Necr/Erth      1%         N/A       99%         5
 Curse of Agony           Necr           2%         N/A       99%         5
 Irradiate                Conj/Alch      1%         3d12      99%         5
 Metabolic Englaciation   Hex/Ice        1%         N/A       99%         5
 Summon Mana Viper        Hex/Summ       2%         N/A       99%         5
 Yara's Violent Unravell  Hex/Alch       1%         3d3       99%         5
 Death Channel            Necr           1%         N/A       100%        6
 Eringya's Noxious Bog    Alch           1%         4d6       100%        6
 Summon Cactus Giant      Summ           1%         N/A       100%        6
 Enfeeble                 Hex            1%         N/A       100%        7
 Haunt                    Necr/Summ      1%         N/A       100%        7
 Malign Gateway           Summ/Tloc      8%         N/A       100%        7
 Monstrous Menagerie      Summ           1%         N/A       100%        7
 Borgnjor's Revivificati  Necr           1%         N/A       100%        8
 Lehudib's Crystal Spear  Conj/Erth      1%         10d2      100%        8
 Maxwell's Capacitive Co  Air            12%        ∞         100%        8
 Summon Horrible Things   Summ           1%         N/A       100%        8
 Death's Door             Necr           1%         N/A       100%        9


Dungeon Overview and Level Annotations

Branches:
Dungeon (15/15)            Temple (1/1) D:4            Lair (5/5) D:11
  Swamp (4/4) Lair:3        Snake (4/4) Lair:3        Slime (5/5) Lair:4
    Orc (2/2) D:9             Elf (3/3) Orc:2        Vaults (5/5) D:14
  Crypt (3/3) Vaults:3       Tomb (3/3) Crypt:3      Depths (4/4) D:15
   Hell (visited)             Dis (7/7) Hell            Geh (7/7) Hell
    Coc (7/7) Hell            Tar (7/7) Hell            Zot (5/5) Depths:4
Volcano (visited)         Desolation (visited)

Altars:
Ashenzari
Cheibriados
Fedhas
Hepliaklqana
Kikubaaqudgha
Makhleb
Nemelex Xobeh
Okawaru
Qazlal
Ru
Sif Muna
Trog
Uskayaw
Vehumet
Wu Jian
Xom
Yredelemnul
The Shining One
Jiyva
Lugonu

Shops:
D:3 *   D:9 ([   D:11 =   D:14 :(*(=   Orc:2 !(:   Snake:3 *   Vaults:1 :
Depths:2 *

Portals:
Hell: Depths:3
Abyss: Depths:3 Depths:4
Pandemonium: Depths:1

Annotations:
D:10 exclusion: two-headed ogre
D:11 exclusion: ice statue
Snake:3 1 runed translucent door, TheWayOfAllFlesh's ghost, adept HOMo
Zot:1 1 transporter


Innate Abilities, Weirdness & Mutations

You are a living statue of rough stone.
Your actions are slow, but your melee attacks are powerful.
You are resistant to unholy torment.
Your maximum health is greatly increased.
Your equipment is partially melded.
You are too large for most types of armour.
You are immune to poison.
You have claws for hands.
Your natural rate of healing is unusually fast.
((You are covered in fur. (AC +1)))
((You have tough skin. (AC +1)))
You have large cloven feet.
You have a pair of small horns on your head.
Your flesh is cold resistant. (rC+)
You are somewhat resistant to further mutation.
Your muscles are strong. (Str +4, Int/Dex -1)


Message History

You eviscerate the neqoxec and electrocute it!!!!
You kill the neqoxec!
The Council accepts your kill. The balrug gestures at you.
Something smites you!
The sun demon attacks as it pursues you!
You block the sun demon's attack. x2
You eviscerate the sun demon!!!!
You kill the sun demon!
The Council accepts your kill.
You completely miss the sun demon. Your kick misses the sun demon.
You headbutt the sun demon.
The sun demon is lightly wounded.
The sun demon hits you but does no damage.
The balrug gestures at you. Something smites you!
You eviscerate the sun demon!!!
You kill the sun demon!
The Council accepts your kill.
You lunge at the balrug, in a flurry of attacks.
You eviscerate the balrug!!!!!
You kill the balrug!
The Council accepts your kill.
Aiming: Wall Jump
Press: ? - help, Dir - move target
Aiming: Wall Jump
Press: ? - help, Dir - move target You open the door.
Aiming: Wall Jump
Press: ? - help, Dir - move target Blink to where?
Press: ? - help, Dir - move target
As you read the scroll of blinking, it crumbles to dust.
As you read the scroll of butterflies, it crumbles to dust.
You hear the flapping of tiny wings.
You are a level 27 Troll Fighter.
I'm sorry, level 27 is as high as you can go.
With the way you've been playing, I'm surprised you got this far.
Play time: 12:15:25 (33754 turns).
You are forever immune to Zot's power.
You have escaped!

##....# #..#..##.........#...~P♣
......####..##'###'######.#..P~♣♣
.#..........##.###.## #.#..P~~♣
.#..#.####..#.b.>bb.##......P~~~P
.#..#.####..#..b#b..##........~~~
.#..........#.bb#bbb##.....#.##..
###.........#bbb#bb.##...........
............#bbbbbbb########.####
###...####..#bbb8bbb# #.##..
###...####..#.bbbbbb########.##.#
............#########.......>##.#
......####............###....†..#
....### #).########..# ##.######
##..## #..# #..###..# ##...###
#..# #..#...## .......###..#
##....##.#
...#.....#.########...####.#


There were no monsters in sight!

Vanquished Creatures
  Cerebov (Pan)
  Antaeus (Coc:7)
  Asmodeus (Geh:7)
  the Royal Jelly (Slime:5)
  Ereshkigal (Tar:7)
  Dissolution (Slime:4)
  Gloorx Vloq (Pan)
  Mnoleg (Pan)
  Lom Lobon (Pan)
  2 seraphim the Serpent of Hell (Geh:7)
  13 pandemonium lords
  10 ancient liches
  11 dread liches
  3 orbs of fire
  Dispater (Dis:7)
  2 juggernauts
  30 royal mummies
  Sojobo (Vaults:4)
  6 shard shrikes
  4 Killer Klowns (Zot:5)
  5 curse toes
  Boris (Tomb:1)
  Bai Suzhen (Vaults:4)
  Margery (Crypt:2)
  Geryon (Hell)
  13 caustic shrikes
  Jory (Crypt:3)
  7 golden dragons
  Norris (Elf:3)
  13 profane servitors
  12 doom hounds
  31 bone dragons
  29 Tzitzimimeh
  A shard shrike zombie (Tomb:2)
  8 hellephants
  2 electric golems (Zot:5)
  12 iron giants
  13 Brimstone Fiends
  34 Orb Guardians
  18 Ice Fiends
  12 tentacled monstrosities
  3 spectral shard shrikes
  Grunn (Crypt:2)
  17 Hell Sentinels
  A walking earthen tome (Depths:1)
  Rupert (Orc:2)
  17 liches
  6 titans
  2 shard shrike skeletons
  13 tainted leviathans
  4 quicksilver dragons
  17 searing wretches
  2 deep elf blademasters (Elf:3)
  3 deep elf master archers (Elf:3)
  2 walking frostbound tomes (Pan)
  22 acid blobs
  9 sphinxes
  7 death cobs
  2 tentacled starspawn
  23 Executioners
  7 shadow dragons
  4 thorn hunters
  26 ancient champions
  10 storm dragons
  Donald (Swamp:3)
  3 daevas
  4 draconian knights
  3 draconian monks
  6 tengu reavers
  Aizul (Swamp:3)
  2 fenstrider witches (Pan)
  5 nagarajas
  9 rockslimes
  19 azure jellies
  18 fire giants
  5 revenants
  5 protean progenitors
  7 quicksilver elementals
  7 demonspawn warmongers
  8 frost giants
  4 narguns
  5 iron dragons
  5 spectral juggernauts
  2 juggernaut zombies
  A draconian scorcher (Zot:3)
  3 imperial myrmidons (Desolation)
  4 ghost moths
  6 deep elf sorcerers
  42 balrugs
  7 draconian shifters
  9 vault wardens
  16 reapers
  5 angels
  A spectral caustic shrike (Tar:5)
  11 curse skulls
  6 ghouls
  3 deep elf elementalists (Elf:3)
  6 shard shrike simulacra
  Louise (Elf:1)
  3 caustic shrike zombies (Tar:7)
  4 ironbound thunderhulks
  3 orc warlords
  8 formless jellyfish
  17 quicksilver oozes
  2 draconian stormcallers (Zot:3)
  2 juggernaut skeletons (Pan)
  7 demonspawn corrupters
  10 stone giants
  11 ironbound preservers
  An apis (Zig:2)
  5 draconian annihilators
  3 hydra skeletons
  6 caustic shrike skeletons
  11 demonspawn blood saints
  17 cacodemons
  5 vampire knights
  18 very ugly things
  7 green draconians
  14 elemental wellsprings
  7 deep elf annihilators
  6 deep elf demonologists
  A starflower (Abyss:3)
  12 deep elf death magi
  13 demonspawn black suns
  4 eleionomae
  16 putrid mouths
  7 purple draconians
  5 wendigos
  12 bennus
  7 spark wasps
  12 red draconians
  10 lorocyprocas
  3 bunyips
  4 white draconians
  Nessos (Lair:5)
  18 war gargoyles
  A spectral titan (Tar:2)
  8 black draconians
  4 dire elephants
  2 yellow draconians (Zot:3)
  14 eidola
  3 halazid warlocks (Desolation)
  11 green deaths
  22 mummy priests
  7 ettins
  6 fire dragons
  18 iron golems
  A merfolk impaler (Abyss:4)
  Snorg (D:10)
  4 shambling mangroves
  6 ragged hierophants (Desolation)
  31 blizzard demons
  3 spectral golden dragons (Depths:3)
  Josephine (Lair:4)
  A crystal guardian (Vaults:2)
  3 deep elf high priests
  An entropy weaver (Vaults:3)
  11 yaktaur captains
  8 jiangshi
  10 great orbs of eyes
  8 ice dragons
  6 spriggan zombies
  A spectral sphinx (Depths:3)
  2 jorogumos (Pan)
  8 rakshasas
  3 spriggan skeletons
  5 spectral spriggans
  Harold (D:10)
  10 hell beasts
  9 hydras
  A quicksilver dragon skeleton (Crypt:2)
  11 peacekeepers
  2 sphinx zombies
  11 salamander tyrants
  11 servants of whispers (Desolation)
  6 caustic shrike simulacra
  6 centaur warriors
  A boulder beetle (shapeshifter) (Depths:2)
  2 ogre magi (Vaults:5)
  37 vault guards
  A ghost crab (Swamp:4)
  7 juggernaut simulacra
  7 alligators
  8 spriggan air magi
  2 anacondas
  15 stokers
  A fenstrider witch skeleton (Hell)
  4 ironbound frosthearts
  2 boulder beetles
  5 dancing weapons
  A merfolk aquamancer (Pan)
  5 two-headed ogres
  3 death knights
  13 naga warriors
  7 deep troll earth magi
  A two-headed ogre (shapeshifter) (Depths:1)
  66 death scarabs
  42 hell hogs
  A bennu skeleton (Crypt:2)
  5 deep troll shamans
  7 occultists
  5 demonic crawlers
  5 tengu warriors
  8 death yaks
  8 vampire magi
  3 spriggan berserkers
  3 spectral nagas
  5 thrashing horrors
  6 naga sharpshooters
  6 orc high priests (Orc:2)
  6 shock serpents
  A spectral dire elephant (Tar:6)
  A storm dragon zombie (Depths:3)
  2 wretched stars (Abyss:3)
  30 soul eaters
  A titan skeleton (Tomb:2)
  7 hell knights
  6 deep elf knights
  2 hellephant skeletons (Pan)
  62 sun demons
  2 titan zombies
  4 crystal echidnas
  5 goliath frogs
  23 sixfirhies
  3 skysharks
  A fire crab (shapeshifter) (Lair:5)
  5 salamander mystics
  29 shadow wraiths
  21 skeletal warriors
  A spatial maelstrom (Abyss:3)
  2 cherubim
  A storm dragon skeleton (Crypt:2)
  An anaconda zombie (Tar:7)
  2 bunyip zombies (Tomb:1)
  10 glowing orange brains
  A spectral anaconda (Tar:2)
  12 flayed ghosts
  An orb spider (shapeshifter) (Vaults:5)
  12 shadow demons
  8 iron trolls
  9 arcanists
  6 naga ritualists
  3 spriggan druids
  44 deep trolls
  A deep troll (shapeshifter) (Vaults:5)
  3 spectral hydras (Swamp:4)
  5 bog bodies
  A steelbarb worm (Zig:4)
  5 deep elf archers
  4 lindwurms
  4 quicksilver dragon simulacra
  9 mana vipers
  An anaconda skeleton (Tar:7)
  2 spriggan simulacra
  7 sun moths (Pan)
  29 large abominations
  A golden dragon skeleton (Crypt:3)
  15 ironbound convokers
  A bunyip skeleton (Tomb:2)
  12 deep elf zephyrmancers
  12 swamp dragons
  An obsidian statue (Zot:5)
  9 phantasmal warriors
  8 harpies
  6 lightning spires (Abyss:4)
  16 necromancers
  18 deep elf pyromancers
  3 cyclopes
  A frost giant zombie (Depths:3)
  A sphinx simulacrum (Depths:3)
  8 orc knights
  6 shining eyes
  An iron dragon zombie (Crypt:3)
  9 ugly things
  A steelbarb worm (shapeshifter) (Depths:2)
  A shadow dragon zombie (Tomb:1)
  A wolf spider (Zig:4)
  7 orc sorcerers
  A spectral ettin (Tar:3)
  4 manticores
  13 salamanders
  A will-o-the-wisp (Swamp:4)
  2 shadow dragon skeletons (Tomb:1)
  3 worldbinders (Abyss:3)
  10 moths of wrath
  3 oklob plants (Swamp:4)
  A salamander (shapeshifter) (Depths:2)
  A meliai (shapeshifter) (D:15)
  3 spectral centaurs (Tar:2)
  15 elephants
  A frost giant skeleton (Depths:3)
  2 naga zombies
  A toenail golem (D:12)
  An apocalypse crab (Abyss:4)
  3 kobold blastminers (Orc:2)
  5 titan simulacra
  An iron dragon skeleton (Depths:3)
  4 Executioner simulacra (Pan)
  22 black mambas
  10 eyes of devastation
  6 rust devils
  2 centaur zombies
  13 naga magi
  11 guardian serpents
  7 torpor snails
  A storm dragon simulacrum (Tomb:1)
  5 ice statues (Pan)
  13 vault sentinels
  2 centaur skeletons
  23 smoke demons
  26 hellions
  15 cane toads
  4 gargoyles
  19 orange demons
  A komodo dragon (shapeshifter) (D:15)
  5 komodo dragons
  A minotaur zombie (Crypt:2)
  15 freezing wraiths
  3 unseen horrors
  3 rime drakes
  10 efreet
  A cane toad (shapeshifter) (D:15)
  29 tormentors
  3 golden dragon simulacra
  16 ice devils
  14 yaktaurs
  An iron giant simulacrum (Coc:3)
  A spectral glowing shapeshifter (Depths:3)
  56 guardian mummies
  A bunyip simulacrum (Coc:2)
  4 anaconda simulacra
  3 tengu conjurers
  2 silent spectres
  4 spectral harpies
  9 trolls
  25 hellwings
  2 ancient zymes (Abyss:3)
  5 red devils
  A death drake zombie (Crypt:3)
  3 hydra zombies
  A bloated husk (Swamp:2)
  7 hornets
  5 polar bears
  A shadow dragon simulacrum (Coc:1)
  14 wind drakes (Pan)
  55 saltlings (Desolation)
  5 tyrant leeches
  2 harpy skeletons
  4 glass eyes
  18 blink frogs
  5 dream sheep (Lair:3)
  A hornet (shapeshifter) (D:15)
  2 iron dragon simulacra
  9 raiju
  3 stone giant simulacra
  A frost giant simulacrum (Depths:3)
  A jumping spider (shapeshifter) (Depths:2)
  11 small abominations
  3 wyverns
  A shadow (D:11)
  4 water elementals
  An orc simulacrum (Abyss:3)
  114 slime creatures
  23 ynoxinuls
  5 spriggans
  10 wraiths
  A spriggan (shapeshifter) (D:14)
  4 naga simulacra
  11 starcursed masses
  27 yaks
  20 ushabtiu
  3 dire elephant simulacra
  A hog (shapeshifter) (Abyss:3)
  6 golden eyes
  2 basilisks
  16 chaos spawn
  A warg (D:11)
  A redback (Vaults:3)
  20 vampire mosquitoes
  10 harpy simulacra
  33 nagas
  A steam dragon (Lair:3)
  14 neqoxecs
  11 swamp worms
  2 spatial vortices (Abyss:3)
  13 water moccasins
  8 hydra simulacra
  An acid dragon (D:11)
  7 hell hounds
  5 swamp drakes
  21 orc warriors
  3 black bears (D:8)
  An ice beast (D:6)
  6 ettin simulacra
  9 wolves
  9 ogres
  22 laughing skulls
  A swamp dragon skeleton (Swamp:4)
  2 phantoms
  7 centaurs
  A torpor snail zombie (Crypt:3)
  A brain worm (Abyss:3)
  2 weeping skulls (Abyss:3)
  A cyclops zombie (Crypt:3)
  A wyvern zombie (Crypt:3)
  16 bullfrogs
  A yaktaur skeleton (Crypt:1)
  3 earth elementals
  5 wights (Abyss:4)
  A necrophage (Crypt:1)
  A komodo dragon skeleton (Crypt:3)
  9 killer bees
  A troll skeleton (Crypt:2)
  2 bombardier beetles
  11 howler monkeys
  A human zombie (Crypt:2)
  4 hounds
  A quasit (Abyss:3)
  A basilisk zombie (Crypt:1)
  18 orc priests
  5 jellies
  Terence (D:2)
  3 gnoll boudas
  28 orc wizards
  A human skeleton (Crypt:2)
  2 iguanas
  A hound skeleton (Crypt:1)
  43 mummies
  14 gnolls
  7 adders
  3 swamp drake zombies (Swamp:4)
  A swamp drake skeleton (Swamp:4)
  A shadow imp (D:5)
  A white imp (D:7)
  A dart slug (D:1)
  A ribbon worm (D:2)
  63 orcs
  12 endoplasms
  A giant cockroach (D:1)
  9 hobgoblins
  3 jackals (D:3)
  4 kobolds
  A quokka (D:1)
  3 ball pythons (D:1)
  2 bats (D:2)
  3 frilled lizards
  2 goblins
  A jackal zombie (Crypt:3)
  A quokka skeleton (Crypt:3)
  6 rats
  8 aspiring fleshes (Pan)
  3 creeping infernos
  17 fire vortices
  A spectral weapon (Pan)
  4 starspawn tentacles
3558 creatures vanquished.

Vanquished Creatures (collateral kills)
  2 gnolls (D:7)
2 creatures vanquished.

Vanquished Creatures (others)
  A walking frostbound tome (Pan)
  2 eldritch tentacles
  A fire giant (Geh:7)
  A cacodemon (Depths:2)
  A demonspawn blood saint (Pan)
  A bunyip (Swamp:2)
  A hell beast (Pan)
  A deep elf knight (Elf:1)
  2 deep elf zephyrmancers (Elf:1)
  2 smoke demons
  A guardian mummy (Tomb:2)
  4 saltlings (Desolation)
  A vampire mosquito (D:11)
  2 laughing skulls (Zot:3)
  An ettin simulacrum (Coc:7)
  3 creeping infernos
  2 fire vortices
  9 foxfires (Swamp:4)
  2 starspawn tentacles
38 creatures vanquished.

Grand Total: 3598 creatures vanquished

Notes
Turn   | Place    | Note
-------+----------+-------------------------------------------
     0 | D:1      | RepoMan the Troll Fighter began the quest for the Orb.
     0 | D:1      | Reached XP level 1. HP: 22/22 MP: 0/0
   230 | D:1      | Reached XP level 2. HP: 28/29 MP: 1/1
   395 | D:2      | Reached XP level 3. HP: 36/36 MP: 2/2
   630 | D:2      | Reached XP level 4. HP: 41/44 MP: 3/3
   688 | D:2      | Noticed Terence
   698 | D:2      | Killed Terence
   736 | D:2      | Got Peech's Secrets of the Sepulchral Mountains
   791 | D:3      | Found a stormy altar of Qazlal.
   941 | D:3      | Found a basalt altar of Yredelemnul.
  1032 | D:3      | Reached XP level 5. HP: 42/53 MP: 4/4
  1092 | D:3      | Found a shimmering altar of Xom.
  1133 | D:3      | Found Ares Cuni's Assorted Antiques.
  1148 | D:3      | Found a faded altar of an unknown god.
  1179 | D:3      | Bought a forked copper wand for 64 gold pieces
  1179 | D:3      | Bought a fizzy blue potion for 14 gold pieces
  1179 | D:3      | Bought a smoky blue potion for 14 gold pieces
  1179 | D:3      | Bought a white potion for 14 gold pieces
  1179 | D:3      | Bought a scroll labelled QAJIFF CIUFF for 16 gold pieces
  1305 | D:4      | Reached XP level 6. HP: 49/61 MP: 5/5
  1392 | D:5      | Entered Level 5 of the Dungeon
  1484 | D:4      | Found a staircase to the Ecumenical Temple.
  1496 | Temple   | Entered the Ecumenical Temple
  1512 | Temple   | Became a worshipper of the Wu Jian Council
  1590 | D:4      | Reached XP level 7. HP: 67/67 MP: 6/6
  1595 | D:4      | Reached skill level 5 in Unarmed Combat
  1909 | D:6      | Found a broken altar of Ashenzari.
  2061 | D:7      | Reached XP level 8. HP: 78/78 MP: 7/7
  2337 | D:7      | Identified 2 scrolls of acquirement
  2337 | D:7      | Acquired the +0 animal skin of Disappointment {rPois Regen+
                  | Str+2}
  2384 | D:8      | Reached * piety under Wu Jian
  2396 | D:8      | Reached skill level 5 in Shields
  2398 | D:8      | Noticed a manticore
  2404 | D:8      | Killed a manticore
  2424 | D:8      | Found a blossoming altar of Fedhas.
  2461 | D:8      | Found a snail-covered altar of Cheibriados.
  2461 | D:8      | Found a bloodstained altar of Trog.
  2500 | D:8      | Reached skill level 5 in Dodging
  2509 | D:8      | Reached skill level 5 in Fighting
  2509 | D:8      | Reached XP level 9. HP: 41/88 MP: 8/8
  2710 | D:9      | Found Cazxuple's Armour Shop.
  2710 | D:9      | Found a staircase to the Orcish Mines.
  2713 | D:10     | Entered Level 10 of the Dungeon
  2724 | D:9      | Found Mocyepoq's Weapon Shop.
  2836 | D:9      | Reached ** piety under Wu Jian
  2862 | D:9      | Found a hide-covered altar of Uskayaw.
  2891 | D:9      | Noticed a troll
  2907 | D:9      | Killed a troll
  2908 | D:9      | Reached XP level 10. HP: 78/98 MP: 9/9
  2916 | D:8      | Identified the +1 ring mail "Dosot" {Regen+ MP-9 Int+2}
  3011 | D:9      | Found an iron altar of Okawaru.
  3011 | D:9      | Found a radiant altar of Vehumet.
  3126 | D:10     | Noticed Harold
  3299 | D:10     | Noticed a gargoyle
  3311 | D:10     | Killed a gargoyle
  3319 | D:10     | Reached skill level 10 in Unarmed Combat
  3331 | D:10     | Noticed Snorg
  3342 | D:10     | Killed Snorg
  3352 | D:10     | Noticed a two-headed ogre
  3424 | D:10     | Found a hazy altar of Hepliaklqana.
  3560 | D:10     | Noticed a gargoyle
  3580 | D:10     | Killed a gargoyle
  3599 | D:10     | Reached *** piety under Wu Jian
  3656 | D:10     | Killed Harold
  3657 | D:10     | Reached XP level 11. HP: 107/107 MP: 10/10
  3770 | D:12     | Noticed a two-headed ogre
  4090 | D:11     | Found a staircase to the Lair.
  4113 | D:11     | Found Atzairui's Jewellery Shoppe.
  4147 | D:11     | Bought an amulet of magic regeneration for 330 gold pieces
  4153 | D:11     | Acquired a ring of willpower
  4163 | D:11     | You fall into a shaft and drop 2 floors!
  4185 | D:13     | Noticed a deep elf pyromancer
  4208 | D:13     | Killed a deep elf pyromancer
  4261 | D:13     | Noticed a deep elf pyromancer
  4262 | D:13     | Noticed a centaur warrior
  4268 | D:13     | Killed a deep elf pyromancer
  4272 | D:13     | Killed a centaur warrior
  4437 | D:11     | Reached **** piety under Wu Jian
  4459 | Lair:1   | Entered Level 1 of the Lair of Beasts
  4532 | Lair:1   | Reached XP level 12. HP: 83/119 MP: 11/11
  4632 | Lair:1   | Found a dark tunnel.
  4638 | Volcano  | Entered a volcano
  4808 | Lair:2   | Noticed a four-headed hydra
  4815 | Lair:2   | Killed a nine-headed hydra
  4890 | Lair:3   | You fall into a shaft and drop 2 floors!
  4890 | Lair:5   | Entered Level 5 of the Lair of Beasts
  4957 | Lair:5   | Got an earthy gem with 3292 turns to spare
  5135 | Lair:5   | Reached XP level 13. HP: 97/130 MP: 12/12
  5146 | Lair:5   | Noticed Nessos
  5155 | Lair:5   | Killed Nessos
  5307 | Lair:4   | Reached skill level 10 in Shields
  5444 | Lair:4   | Found a staircase to the Slime Pits.
  5451 | Lair:4   | Found a viscous altar of Jiyva.
  5729 | Lair:2   | Reached skill level 15 in Unarmed Combat
  5893 | Orc:1    | Entered Level 1 of the Orcish Mines
  5952 | Orc:2    | Entered Level 2 of the Orcish Mines
  5962 | Orc:2    | Reached ***** piety under Wu Jian
  5983 | Orc:2    | Noticed an orc warlord
  6055 | Orc:2    | Killed an orc warlord
  6120 | Orc:2    | Found a staircase to the Elven Halls.
  6186 | Orc:2    | Noticed Rupert
  6304 | Orc:2    | Killed Rupert
  6305 | Orc:2    | Reached XP level 14. HP: 136/141 MP: 13/13
  6694 | Orc:2    | Found Porphouxt's Distillery.
  6728 | Orc:2    | Reached skill level 10 in Fighting
  6808 | Orc:2    | Found Alep's Antique Weapon Shoppe.
  6821 | Orc:2    | Found Wawoiplu's Book Shoppe.
  6823 | Orc:2    | Found Tiosihodd's Book Boutique.
  6853 | Orc:2    | Bought a book of Spatial Translocations for 216 gold pieces
  6856 | Orc:2    | Learned a level 2 spell: Blink
  6859 | Orc:2    | Learned a level 2 spell: Lesser Beckoning
  6869 | Orc:2    | Bought a potion of heal wounds for 80 gold pieces
  6869 | Orc:2    | Bought a potion of might for 64 gold pieces
  6869 | Orc:2    | Bought a potion of invisibility for 128 gold pieces
  6869 | Orc:2    | Bought 2 potions of cancellation for 256 gold pieces
  6869 | Orc:2    | Bought a potion of haste for 160 gold pieces
  7022 | D:12     | Reached skill level 1 in Translocations
  7228 | D:14     | Found Paruim's Antique Weapon Emporium.
  7232 | D:14     | Found Joekearch's Jewellery Emporium.
  7274 | D:14     | Reached skill level 1 in Spellcasting
  7703 | D:14     | Found Xang's Weapon Shop.
  7705 | D:14     | Found an iron altar of Okawaru.
  7720 | D:14     | Found a gate to the Vaults.
  7763 | D:14     | Reached skill level 5 in Translocations
  7799 | D:14     | Found Xor Jimo's General Store.
  7814 | D:14     | Bought a scroll of identify for 24 gold pieces
  7882 | D:14     | Found Sorrocwa's Book Boutique.
  7890 | D:15     | Entered Level 15 of the Dungeon
  8346 | D:15     | Reached XP level 15. HP: 63/147 MP: 18/18
  8348 | D:15     | Found a staircase to the Depths.
  8348 | D:15     | Identified the +5 ring mail of Lilacs {Will++ Str+4}
  8360 | D:15     | Got a smoky gem with 3064 turns to spare
  8681 | Lair:3   | Reached skill level 1 in Shapeshifting
  8875 | Lair:3   | Found a staircase to the Snake Pit.
  8895 | Snake:1  | Entered Level 1 of the Snake Pit
  9055 | Snake:1  | Reached skill level 5 in Shapeshifting
  9374 | Snake:4  | Entered Level 4 of the Snake Pit
  9461 | Snake:3  | Found Romigg's General Store.
  9567 | Snake:3  | Found a runed translucent door.
  9568 | Snake:3  | Noticed TheWayOfAllFlesh's ghost (adept HOMo)
 10245 | Snake:4  | Noticed a nagaraja
 10257 | Snake:4  | Killed a nagaraja
 10347 | Snake:4  | Noticed a nagaraja
 10347 | Snake:4  | Noticed a nagaraja
 10377 | Snake:4  | Killed a nagaraja
 10378 | Snake:4  | Reached XP level 16. HP: 123/161 MP: 16/19
 10648 | Snake:4  | Got a jade gem with 693 turns to spare
 10694 | Snake:4  | Got a serpentine rune of Zot
 10815 | Snake:2  | Reached ****** piety under Wu Jian
 11017 | Lair:3   | Found a staircase to the Swamp.
 11253 | Lair:4   | Noticed Josephine
 11258 | Lair:4   | Killed Josephine
 11715 | D:14     | Bought a granite talisman for 720 gold pieces
 11848 | Elf:1    | Entered Level 1 of the Elven Halls
 11974 | Elf:1    | Noticed Louise
 12143 | Elf:1    | Killed Louise
 12433 | Swamp:1  | Entered Level 1 of the Swamp
 12607 | Swamp:2  | Reached skill level 10 in Shapeshifting
 12643 | Swamp:2  | Noticed a thorn hunter
 12645 | Swamp:2  | Killed a thorn hunter
 12736 | Swamp:4  | Entered Level 4 of the Swamp
 12757 | Swamp:3  | Reached XP level 17. HP: 134/170 MP: 20/20
 12924 | Swamp:4  | Noticed Donald
 12925 | Swamp:4  | Identified the serpent talisman of Gallantry {rElec rC+
                  | rCorr}
 12925 | Swamp:4  | Noticed Aizul
 13048 | Swamp:3  | Killed Aizul
 13079 | Swamp:3  | Killed Donald
 13311 | Swamp:4  | Found a basalt altar of Yredelemnul.
 13343 | Swamp:4  | Found a blossoming altar of Fedhas.
 13360 | Swamp:4  | Got a mossy gem with 678 turns to spare
 13364 | Swamp:4  | Got a decaying rune of Zot
 13433 | Swamp:1  | You fall into a shaft and drop 1 floor!
 13640 | Vaults:1 | Entered Level 1 of the Vaults
 13656 | Vaults:1 | Found Exerixt's Book Shop.
 13770 | Vaults:1 | Found a crumbling gateway.
 13791 | Desolati | Entered the Desolation of Salt
 13838 | Desolati | Reached skill level 15 in Shapeshifting
 13930 | Desolati | Reached XP level 18. HP: 179/179 MP: 21/21
 13956 | Desolati | Identified the +1 plate armour of Bucyette {Int+4 Stlth+}
 14165 | Desolati | Identified the +1 robe "Hurixt" {-Tele Fly Will+++ rCorr}
 14190 | Desolati | Identified the amulet "Tezuabyt" {Acrobat Regen+ Dex+3
                  | Stlth+}
 14293 | Desolati | Got Sif Muna's Omnibus of Wanderlust
 14296 | Desolati | Learned a level 1 spell: Apportation
 14309 | Desolati | Identified the staff of the Sneaky Portals {rC+ Conj}
 14417 | Desolati | Identified the ring "Ziytegil" {Ice Will- Str+2 Int+3}
 15447 | Vaults:3 | Reached XP level 19. HP: 189/189 MP: 22/22
 15593 | Vaults:3 | Got the Tome of Charms and Convocation
 15642 | Vaults:3 | Found a staircase to the Crypt.
 15660 | Crypt:1  | Entered Level 1 of the Crypt
 15732 | Crypt:2  | Noticed Grunn
 15732 | Crypt:2  | Noticed a doom hound
 15732 | Crypt:2  | Noticed a doom hound
 15737 | Crypt:1  | Killed a doom hound
 15737 | Crypt:1  | Killed a doom hound
 15763 | Crypt:2  | Killed Grunn
 15780 | Crypt:3  | Entered Level 3 of the Crypt
 15928 | Crypt:2  | Noticed Margery
 15938 | Crypt:2  | Killed Margery
 16272 | Crypt:3  | Noticed a bone dragon
 16308 | Crypt:3  | Noticed a curse toe
 16313 | Crypt:3  | Killed a curse toe
 16325 | Crypt:3  | Noticed Jory
 16327 | Crypt:3  | Killed a bone dragon
 16332 | Crypt:3  | Killed Jory
 16410 | Crypt:3  | Noticed an ancient lich
 16415 | Crypt:3  | Killed an ancient lich
 16423 | Crypt:3  | Identified the staff of Keceneoff {rElec Will++ Air}
 16425 | Crypt:3  | Identified the amulet "Tapiuch" {Acrobat Will++ Regen+
                  | Dex-2 SInv}
 16442 | Crypt:3  | Got Suupros's Directory of Star-crossed Vapour
 16445 | Crypt:3  | Got an ivory gem with 655 turns to spare
 16585 | Vaults:3 | Reached XP level 20. HP: 202/202 MP: 23/23
 16685 | Vaults:4 | Noticed Bai Suzhen
 16691 | Vaults:4 | Killed Bai Suzhen
 16706 | Vaults:4 | Noticed Sojobo
 16707 | Vaults:4 | Killed Sojobo
 16715 | Vaults:4 | Noticed a golden dragon
 17363 | Elf:3    | Entered Level 3 of the Elven Halls
 17507 | Elf:3    | Noticed Norris
 17514 | Elf:3    | Killed Norris
 17636 | Elf:3    | Reached skill level 15 in Shields
 17641 | Elf:3    | Reached XP level 21. HP: 206/213 MP: 24/24
 17644 | Elf:3    | Identified the +3 halberd of Change {venom, rCorr Int+5}
 17663 | Elf:3    | Identified the +6 scimitar "Xacimi" {antimagic, Dex+8}
 17704 | Elf:3    | Found the +5 Storm Queen's Shield {shock, Fly rElec}
 17705 | Elf:3    | Found the +3 giant club "Skullcrusher" {speed, Str+7}
 17712 | Elf:3    | Got Uciuxki's Commentary on Combined Ill Luck
 17714 | Elf:3    | Got the Discursus on Numb Trauma
 17717 | Elf:3    | Identified the +10 glaive of Fear {freeze, Will+ Str+3}
 17724 | Elf:3    | Got a shimmering gem with 776 turns to spare
 17739 | Elf:3    | Identified the +5 eveningstar "Raisin" {chaos, rElec}
 17999 | Slime:1  | Entered Level 1 of the Pits of Slime
 18018 | Slime:1  | You are sucked into a shaft and drop 1 floor!
 18091 | Slime:3  | Gained mutation: Your health recovers twice as slowly from
                  | being drained. [a shining eye]
 18114 | Slime:4  | Noticed Dissolution
 18118 | Slime:4  | Killed Dissolution
 18190 | Slime:5  | Entered Level 5 of the Pits of Slime
 18274 | Slime:5  | Noticed the Royal Jelly
 18314 | Slime:5  | Killed the Royal Jelly
 18367 | Slime:5  | Found the +6 Majin-Bo {spellvamp, MP+6 Int+6}
 18378 | Slime:5  | Got a slimy rune of Zot
 18378 | Slime:5  | Got a starry gem with 42 turns to spare
 18379 | Slime:5  | Identified the +1 robe of Reatipal {rC++ Dex+3} (You found
                  | it on level 5 of the Pits of Slime)
 18389 | Slime:5  | Got Sif Muna's Monograph on Degeneration
 18405 | Slime:5  | Lost the starry gem through the power of Zot.
 18450 | Slime:5  | Identified the +0 scale mail "Toiheh" {rC+}
 18611 | Slime:2  | Reached XP level 22. HP: 224/224 MP: 25/25
 18815 | Depths:1 | Entered Level 1 of the Depths
 18889 | Depths:1 | Found a one-way gate leading to the halls of Pandemonium.
 19204 | Depths:2 | Reached skill level 15 in Fighting
 19234 | Depths:3 | Noticed a golden dragon
 19526 | Depths:2 | Found Qewkania's Assorted Antiques.
 19534 | Depths:2 | Bought a potion of curing for 105 gold pieces
 19534 | Depths:2 | Bought a potion of mutation for 280 gold pieces
 19643 | Depths:2 | Found a runed translucent door.
 19643 | Depths:2 | Noticed a golden dragon
 19644 | Depths:2 | Found a runed translucent door.
 19652 | Depths:2 | Killed a golden dragon
 19672 | Depths:2 | Noticed a caustic shrike
 19672 | Depths:2 | Identified the ring "Fus Ureluni" {AC+4 Str+3 Stlth+}
 19674 | Depths:2 | Killed a caustic shrike
 19722 | Depths:3 | Noticed a dread lich
 19728 | Depths:2 | Killed a dread lich
 19797 | Depths:4 | Entered Level 4 of the Depths
 19845 | Depths:4 | Found a one-way gate to the infinite horrors of the Abyss.
 19899 | Depths:4 | Identified the ring "Qell" {rF+ Will+ MP+9}
 20093 | Depths:4 | Reached XP level 23. HP: 237/237 MP: 26/26
 20100 | Depths:4 | Found a gate to the Realm of Zot.
 20103 | Depths:4 | Got a midnight gem with 1132 turns to spare
 20301 | Depths:4 | Found a one-way gateway to a ziggurat.
 20318 | Zig:1    | Entered Level 1 of a ziggurat
 20334 | Zig:2    | Entered Level 2 of a ziggurat
 20358 | Zig:3    | Entered Level 3 of a ziggurat
 20360 | Zig:3    | Found the +8 Vampire's Tooth {megavamp}
 20382 | Zig:4    | Entered Level 4 of a ziggurat
 20423 | Zig:5    | Entered Level 5 of a ziggurat
 20428 | Zig:5    | Noticed a caustic shrike
 20439 | Zig:5    | Killed a caustic shrike
 20759 | Vaults:5 | Entered Level 5 of the Vaults
 20850 | Vaults:5 | Got a shining gem with 643 turns to spare
 20863 | Vaults:5 | Got a silver rune of Zot
 21217 | Pan      | Entered Pandemonium
 21362 | Pan      | Found an exit through the horrors of the Abyss.
 21371 | Pan      | Took an exit into the Abyss.
 21371 | Abyss:1  | Escaped into the Abyss
 21455 | Abyss:3  | Found a corrupted altar of Lugonu.
 21455 | Abyss:3  | Found a corrupted altar of Lugonu.
 21455 | Abyss:3  | Found a corrupted altar of Lugonu.
 21574 | Depths:1 | Escaped the Abyss
 21774 | D:9      | Bought the +9 ice dragon scales "Borhysem" {Rampage ^Drain
                  | rF- rC++ Str+6 Slay+2} for 1540 gold pieces
 21960 | Pan      | Entered Pandemonium
 21966 | Pan      | Reached XP level 24. HP: 243/243 MP: 26/26
 22016 | Pan      | Found a runed translucent door.
 22017 | Pan      | Found a runed translucent door.
 22036 | Pan      | Found a runed translucent door.
 22036 | Pan      | Found a runed translucent door.
 22168 | Pan      | Found a runed translucent door.
 22186 | Pan      | Found a runed translucent door.
 22192 | Pan      | Found a runed translucent door.
 22237 | Pan      | Found an exit through the horrors of the Abyss.
 22470 | Pan      | Noticed Wumesusu the pandemonium lord
 22544 | Pan      | Noticed Qenots the pandemonium lord
 22545 | Pan      | Killed Qenots the pandemonium lord
 22686 | Pan      | Entered the realm of Gloorx Vloq.
 22857 | Pan      | Noticed Gloorx Vloq
 22967 | Pan      | Killed Gloorx Vloq
 22991 | Pan      | Got a dark rune of Zot
 23324 | Pan      | Identified the +1 leather armour of Unreason {rCorr MP+9}
 23346 | Pan      | Noticed Furiy the pandemonium lord
 23634 | Pan      | Noticed Desass the pandemonium lord
 23637 | Pan      | Reached XP level 25. HP: 182/261 MP: 26/26
 23641 | Pan      | Killed Desass the pandemonium lord
 23757 | Pan      | Entered the realm of Cerebov.
 23812 | Pan      | Identified the +0 robe of Inaction {-Tele Dex+5}
 23890 | Pan      | Found the +6 sword of Cerebov {flame}
 23890 | Pan      | Noticed Cerebov
 23913 | Pan      | Reached skill level 27 in Unarmed Combat
 24074 | Pan      | Got a fiery rune of Zot
 24122 | Pan      | Killed Cerebov
 24520 | Pan      | Noticed Tall the pandemonium lord
 24538 | Pan      | Killed Tall the pandemonium lord
 24612 | Pan      | Got a demonic rune of Zot
 24636 | Pan      | Entered the realm of Mnoleg.
 24646 | Pan      | Gained mutation: You are frail. (-10% HP) [a cacodemon]
 24648 | Pan      | Gained mutation: You are weak. (Str -2) [a cacodemon]
 24648 | Pan      | Gained mutation: You possess an exceptional clarity of
                  | mind. [a cacodemon]
 24649 | Pan      | Gained mutation: Your body sometimes deteriorates upon
                  | taking damage. [a cacodemon]
 24671 | Pan      | Lost mutation: You are weak. (Str -2) [potion of mutation]
 24671 | Pan      | Lost mutation: You possess an exceptional clarity of mind.
                  | [potion of mutation]
 24671 | Pan      | Lost mutation: Your health recovers twice as slowly from
                  | being drained. [potion of mutation]
 24671 | Pan      | Gained mutation: You have a pair of small horns on your
                  | head. [potion of mutation]
 24671 | Pan      | Lost mutation: You have a pair of small horns on your head.
                  | [potion of mutation]
 24671 | Pan      | Gained mutation: You are dopey. (Int -2) [potion of
                  | mutation]
 24672 | Pan      | Lost mutation: You are frail. (-10% HP) [potion of
                  | mutation]
 24672 | Pan      | Lost mutation: You are dopey. (Int -2) [potion of mutation]
 24672 | Pan      | Gained mutation: You are strong-willed. (Will+) [potion of
                  | mutation]
 24673 | Pan      | Lost mutation: You are strong-willed. (Will+) [potion of
                  | mutation]
 24673 | Pan      | Lost mutation: Your body sometimes deteriorates upon taking
                  | damage. [potion of mutation]
 24673 | Pan      | Gained mutation: Your system is resistant to poisons.
                  | (rPois) [potion of mutation]
 24673 | Pan      | Gained mutation: You are strong-willed. (Will+) [potion of
                  | mutation]
 24673 | Pan      | Gained mutation: Your spells are a little harder to cast,
                  | but a little more powerful. [potion of mutation]
 24836 | Pan      | Noticed Mnoleg
 24853 | Pan      | Killed Mnoleg
 24854 | Pan      | Reached skill level 1 in Armour
 24877 | Pan      | Got a glowing rune of Zot
 25139 | Pan      | Reached XP level 26. HP: 279/279 MP: 26/26
 25141 | Pan      | Noticed Itanyg the pandemonium lord
 25144 | Pan      | Killed Itanyg the pandemonium lord
 25157 | Pan      | Identified the ring of Laihuot {^Contam rElec rPois EV+5
                  | Dex+3}
 25163 | Pan      | Entered the realm of Lom Lobon.
 25176 | Pan      | Found an exit through the horrors of the Abyss.
 25351 | Pan      | Noticed Lom Lobon
 25374 | Pan      | Killed Lom Lobon
 25412 | Pan      | Got a magical rune of Zot
 25478 | Pan      | Took an exit into the Abyss.
 25478 | Abyss:3  | Escaped into the Abyss
 25479 | Abyss:3  | Found a corrupted altar of Lugonu.
 25488 | Abyss:3  | Found a corrupted altar of Lugonu.
 25541 | Abyss:3  | Gained mutation: You are dopey. (Int -2) [a cacodemon]
 25545 | Abyss:3  | Gained mutation: Your magical capacity is low. (-10% MP) [a
                  | shining eye]
 25644 | Abyss:4  | Found a corrupted altar of Lugonu.
 25664 | Abyss:4  | Got an abyssal rune of Zot
 25666 | Abyss:4  | Reached skill level 5 in Armour
 25734 | Depths:1 | Escaped the Abyss
 25790 | Depths:3 | Noticed a juggernaut
 25791 | Depths:3 | Killed a juggernaut
 25857 | Depths:3 | Found a gateway to Hell.
 25868 | Hell     | Entered the Vestibule of Hell
 25868 | Hell     | Noticed Geryon
 25878 | Hell     | Killed Geryon
 25919 | Hell     | Found a gateway to the Iron City of Dis.
 25928 | Dis:1    | Entered Level 1 of the Iron City of Dis
 26130 | Dis:3    | Reached XP level 27. HP: 255/293 MP: 21/25
 26133 | Dis:3    | Lost mutation: Your system is resistant to poisons. (rPois)
                  | [potion of mutation]
 26133 | Dis:3    | Lost mutation: Your spells are a little harder to cast, but
                  | a little more powerful. [potion of mutation]
 26133 | Dis:3    | Gained mutation: Your muscles are strong. (Str +4, Int/Dex
                  | -1) [potion of mutation]
 26134 | Dis:3    | Lost mutation: You are strong-willed. (Will+) [potion of
                  | mutation]
 26134 | Dis:3    | Lost mutation: You are dopey. (Int -2) [potion of mutation]
 26134 | Dis:3    | Lost mutation: Your magical capacity is low. (-10% MP)
                  | [potion of mutation]
 26134 | Dis:3    | Gained mutation: You are somewhat resistant to further
                  | mutation. [potion of mutation]
 26134 | Dis:3    | Gained mutation: Your flesh is cold resistant. (rC+)
                  | [potion of mutation]
 26134 | Dis:3    | Gained mutation: You have large cloven feet. [potion of
                  | mutation]
 26134 | Dis:3    | Gained mutation: You have a pair of small horns on your
                  | head. [potion of mutation]
 26187 | Dis:3    | Learned a level 4 spell: Vhi's Electric Charge
 26192 | Dis:3    | Learned a level 4 spell: Passage of Golubria
 26197 | Dis:3    | Learned a level 4 spell: Manifold Assault
 26259 | Dis:4    | Reached skill level 1 in Air Magic
 26516 | Dis:7    | Entered Level 7 of the Iron City of Dis
 26672 | Dis:7    | Noticed an ancient lich
 26685 | Dis:7    | Killed an ancient lich
 26969 | Dis:7    | Noticed a juggernaut
 26974 | Dis:7    | Killed a juggernaut
 26986 | Dis:7    | Noticed Dispater
 26994 | Dis:7    | Killed Dispater
 26997 | Dis:7    | Got an iron rune of Zot
 27167 | Hell     | Found a gateway to the decaying netherworld of Tartarus.
 27174 | Tar:1    | Entered Level 1 of Tartarus
 27381 | Tar:3    | Noticed an ancient lich
 27382 | Tar:3    | Killed an ancient lich
 27489 | Tar:4    | Found a runed translucent door.
 27591 | Tar:5    | Noticed a dread lich
 27591 | Tar:5    | Noticed a dread lich
 27591 | Tar:5    | Noticed an ancient lich
 27591 | Tar:5    | Noticed an ancient lich
 27591 | Tar:5    | Noticed a dread lich
 27673 | Tar:5    | Killed a dread lich
 27768 | Tar:5    | Killed a dread lich
 27775 | Tar:5    | Killed an ancient lich
 27781 | Tar:5    | Killed a dread lich
 27785 | Tar:5    | Killed an ancient lich
 27958 | Tar:7    | Entered Level 7 of Tartarus
 28295 | Tar:7    | Identified the ring of Gekkan {rF+ AC+4 Str+3 Int+4}
 28332 | Tar:7    | Noticed an ancient lich
 28335 | Tar:7    | Killed an ancient lich
 28347 | Tar:7    | Noticed a dread lich
 28354 | Tar:7    | Killed a dread lich
 28364 | Tar:7    | Noticed an ancient lich
 28375 | Tar:7    | Killed an ancient lich
 28378 | Tar:7    | Identified the ring "Atraru" {rC+ Int+6 Stlth+}
 28384 | Tar:7    | Identified the ring of Qohymp {rC+ rN+ Str+3}
 28544 | Tar:7    | Noticed Ereshkigal
 28565 | Tar:7    | Killed Ereshkigal
 28586 | Tar:7    | Got a bone rune of Zot
 28691 | Hell     | Found a gateway to the freezing wastes of Cocytus.
 28713 | Coc:1    | Entered Level 1 of Cocytus
 28746 | Coc:2    | Reached skill level 10 in Translocations
 28948 | Coc:6    | Noticed an ancient lich
 28949 | Coc:6    | Killed an ancient lich
 28952 | Coc:7    | Entered Level 7 of Cocytus
 29150 | Coc:7    | Noticed Antaeus
 29170 | Coc:7    | Killed Antaeus
 29174 | Coc:7    | Got an icy rune of Zot
 29178 | Coc:7    | Identified the ring "Jogiasux" {rPois rN++ Will+ Str+6
                  | Stlth-}
 29380 | Hell     | Found a gateway to the ashen valley of Gehenna.
 29407 | Geh:1    | Entered Level 1 of Gehenna
 29586 | Geh:3    | You fall into a shaft and drop 1 floor!
 29697 | Geh:7    | Entered Level 7 of Gehenna
 29788 | Geh:7    | Noticed the Serpent of Hell
 29799 | Geh:7    | Killed the Serpent of Hell
 29944 | Geh:7    | Found the +8 longbow "Zephyr" {speed, Dex+3 SInv}
 29948 | Geh:7    | Identified the ring "Rasodd" {Fire rPois Str+5 Int+2}
 29952 | Geh:7    | Identified the ring of Ygesikloeve {rF+ rCorr}
 30190 | Geh:7    | Found the +13 sceptre of Asmodeus
 30190 | Geh:7    | Noticed Asmodeus
 30200 | Geh:7    | Killed Asmodeus
 30218 | Geh:7    | Got an obsidian rune of Zot
 30419 | Zot:1    | Entered Level 1 of the Realm of Zot
 30438 | Zot:1    | Noticed an orb of fire
 30439 | Zot:1    | Killed an orb of fire
 30464 | Zot:1    | Found a transporter.
 30492 | Zot:2    | You fall into a shaft and drop 1 floor!
 30603 | Zot:5    | Entered Level 5 of the Realm of Zot
 30755 | Zot:5    | Got a prismatic gem with 513 turns to spare
 30772 | Zot:5    | Noticed a dread lich
 30777 | Zot:5    | Noticed a dread lich
 30780 | Zot:5    | Killed a dread lich
 30782 | Zot:5    | Noticed an orb of fire
 30783 | Zot:5    | Killed a dread lich
 30783 | Zot:5    | Killed an orb of fire
 30783 | Zot:5    | Reached skill level 27 in Fighting
 30785 | Zot:5    | Noticed a dread lich
 30789 | Zot:5    | Killed a dread lich
 30790 | Zot:5    | Noticed a dread lich
 30792 | Zot:5    | Killed a dread lich
 30798 | Zot:5    | Noticed a dread lich
 30799 | Zot:5    | Killed a dread lich
 30852 | Zot:5    | Got the Orb of Zot
 30856 | Zot:5    | Noticed an ancient lich
 30857 | Zot:5    | Noticed an ancient lich
 30862 | Zot:5    | Killed an ancient lich
 30865 | Zot:5    | Killed an ancient lich
 30867 | Zot:5    | Noticed an orb of fire
 30912 | Zot:5    | Killed an orb of fire
 31008 | Zot:3    | Noticed Vuoqesil the pandemonium lord
 31013 | Zot:3    | Killed Vuoqesil the pandemonium lord
 31079 | Zot:3    | Noticed a dread lich
 31090 | Zot:3    | Killed a dread lich
 31121 | Zot:3    | Noticed Ganloofo the pandemonium lord
 31136 | Zot:3    | Killed Ganloofo the pandemonium lord
 31160 | Zot:3    | Noticed Ekemp the pandemonium lord
 31163 | Zot:3    | Killed Ekemp the pandemonium lord
 31771 | Depths:2 | Noticed Ehozep the pandemonium lord
 31776 | Depths:2 | Killed Ehozep the pandemonium lord
 31813 | D:15     | Reached skill level 5 in Air Magic
 32008 | Crypt:3  | Noticed Katou the pandemonium lord
 32009 | Crypt:3  | Killed Katou the pandemonium lord
 32126 | Crypt:3  | Found a staircase to the Tomb.
 32128 | Crypt:3  | Noticed Hucwedier the pandemonium lord
 32133 | Crypt:3  | Killed Hucwedier the pandemonium lord
 32146 | Tomb:1   | Entered Level 1 of the Tomb of the Ancients
 32294 | Tomb:1   | Noticed a royal mummy
 32298 | Tomb:1   | Noticed a seraph
 32298 | Tomb:1   | Killed a royal mummy
 32301 | Tomb:1   | Killed a seraph
 32305 | Tomb:1   | Noticed a royal mummy
 32312 | Tomb:1   | Killed a royal mummy
 32333 | Tomb:1   | Noticed Boris
 32336 | Tomb:1   | Killed Boris
 32386 | Tomb:2   | Noticed a royal mummy
 32386 | Tomb:2   | Noticed a royal mummy
 32386 | Tomb:2   | Noticed a royal mummy
 32390 | Tomb:2   | Killed a royal mummy
 32395 | Tomb:2   | Noticed a royal mummy
 32395 | Tomb:2   | Killed a royal mummy
 32397 | Tomb:2   | Noticed a seraph
 32402 | Tomb:2   | Killed a royal mummy
 32403 | Tomb:2   | Killed a seraph
 32425 | Tomb:2   | Killed a royal mummy
 32453 | Tomb:1   | Noticed a royal mummy
 32454 | Tomb:1   | Noticed a royal mummy
 32459 | Tomb:1   | Killed a royal mummy
 32462 | Tomb:1   | Killed a royal mummy
 32466 | Tomb:1   | Noticed a royal mummy
 32468 | Tomb:1   | Killed a royal mummy
 32486 | Tomb:1   | Reached skill level 10 in Armour
 32494 | Tomb:1   | Noticed a royal mummy
 32497 | Tomb:1   | Killed a royal mummy
 32504 | Tomb:1   | Noticed a royal mummy
 32509 | Tomb:1   | Killed a royal mummy
 32510 | Tomb:1   | Noticed a royal mummy
 32511 | Tomb:1   | Noticed a royal mummy
 32517 | Tomb:1   | Killed a royal mummy
 32519 | Tomb:1   | Killed a royal mummy
 32523 | Tomb:1   | Noticed a royal mummy
 32527 | Tomb:1   | Killed a royal mummy
 32543 | Tomb:1   | Noticed a royal mummy
 32546 | Tomb:1   | Killed a royal mummy
 32559 | Tomb:1   | Noticed a royal mummy
 32563 | Tomb:1   | Killed a royal mummy
 32590 | Tomb:1   | Noticed a royal mummy
 32591 | Tomb:1   | Noticed a royal mummy
 32594 | Tomb:1   | Killed a royal mummy
 32597 | Tomb:1   | Killed a royal mummy
 32626 | Tomb:1   | Noticed a royal mummy
 32630 | Tomb:1   | Killed a royal mummy
 32630 | Tomb:1   | Noticed a royal mummy
 32632 | Tomb:1   | Noticed a royal mummy
 32634 | Tomb:1   | Killed a royal mummy
 32636 | Tomb:1   | Killed a royal mummy
 32715 | Tomb:3   | Entered Level 3 of the Tomb of the Ancients
 32731 | Tomb:3   | Noticed a royal mummy
 32736 | Tomb:3   | Noticed a royal mummy
 32745 | Tomb:3   | Killed a royal mummy
 32745 | Tomb:3   | Noticed a royal mummy
 32749 | Tomb:3   | Killed a royal mummy
 32750 | Tomb:3   | Noticed a royal mummy
 32751 | Tomb:3   | Killed a royal mummy
 32761 | Tomb:3   | Killed a royal mummy
 32765 | Tomb:3   | Noticed a royal mummy
 32769 | Tomb:3   | Noticed a royal mummy
 32769 | Tomb:3   | Noticed a royal mummy
 32770 | Tomb:3   | Killed a royal mummy
 32770 | Tomb:3   | Killed a royal mummy
 32772 | Tomb:3   | Noticed a royal mummy
 32772 | Tomb:3   | Noticed a royal mummy
 32784 | Tomb:3   | Killed a royal mummy
 32786 | Tomb:3   | Killed a royal mummy
 32792 | Tomb:3   | Killed a royal mummy
 32813 | Tomb:3   | Noticed Dauhec the pandemonium lord
 32818 | Tomb:3   | Killed Dauhec the pandemonium lord
 32844 | Tomb:3   | Got a sanguine gem with 1800 turns to spare
 32859 | Tomb:3   | Got a golden rune of Zot
 33015 | Tomb:1   | Noticed Nepirr the pandemonium lord
 33026 | Tomb:1   | Killed Nepirr the pandemonium lord
 33041 | Tomb:1   | Noticed Dafagyd the pandemonium lord
 33044 | Tomb:1   | Killed Dafagyd the pandemonium lord
 33375 | Vaults:1 | Noticed Paggu the pandemonium lord
 33622 | D:6      | Noticed Xyss the pandemonium lord
 33755 | D:$      | Escaped with the Orb!

Illustrated notes

Levels and vault maps discovered:
D:1:      heliophobic_arrival_battle_scene, layout_basic, serial_shops,
          nicolae_shop_stone, serial_bayou_pond_c
D:2:      layout_rooms, uniq_terence, uniq_crazy_yiuf_cottage
D:3:      layout_loops_corners, mainiacjoe_overflow_alcove_4,
          lemuel_round_altar, nicolae_qazlal_general_emergency, serial_shops,
          nicolae_shop_tiny_waterfront, hellmonk_ecumenical_altar_arch_garden
D:4:      layout_basic, minmay_temple_entry_gardened_gates,
          hangedman_abyss_or_decor_stagger
D:5:      layout_loops_corners, lemuel_coloured_pillars_altar
D:6:      layout_basic, nicolae_gozag_seed_capital,
          mainiacjoe_overflow_six_doors_small, nicolae_shop_fire_sale
          [nicolae_sub_dead_trees], water_maze_lemuel, uniq_jeremiah
D:7:      layout_basic, grunt_dithmenos_shadows, minivault_27
D:8:      layout_cave_pools, fedhas_ov_isle_minmay,
          mainiacjoe_overflow_divided_tiny, special_room [special_room_orc]
D:9:      layout_roguey, elyvilon_altar_3, minitemple, orc_david_3
D:10:     layout_roguey, mainiacjoe_overflow_paths, uniq_harold, uniq_snorg
D:11:     lemuel_ice_statue, layout_long_grid, erik_lair_orcish_takeover,
          roderic_roman_lattice, kennysheep_windowed_goal
D:12:     layout_rooms, nicolae_hepliaklqana_hippocampus
D:13:     layout_roguey, vehumet_altar_wand_db
D:14:     minmay_tri_stars, layout_small_grid,
          lightli_vaults_fourway_checkpoint, okawaru_trees_1, serial_shops,
          shop, shop, shop, nicolae_shop_statue_plus, shop
D:15:     grunt_enter_depths_hoard, layout_layer_cave, reono_crystal_passage
Temple:   corrupted_temple
Lair:1:   layout_gridlike, enter_volcano_2, grunt_megastairs_3
Lair:2:   layout_cave_pods, beast_lair_carwin_3
Lair:3:   layout_long_grid, swamp_mist, alex1729_snake_entry_snake,
          lemuel_fruit_fields
Lair:4:   layout_misc_corridors, nicolae_slime_entry_slimehenge,
          minmay_shattered_shrine, infiniplex_staircase_pool, uniq_josephine
Lair:5:   hellmonk_lair_end_abyssal_woods, layout_cave_pods,
          hellmonk_ghost_happy_afterlife, uniq_nessos
Swamp:1:  layout_basic_swamp, evilmike_swamp_ruin_house_5
Swamp:2:  regret_index_all_hallows'_manor, layout_falls_marsh,
          hangedman_swamp_ruin_wall, swamp_pool_1_2
Swamp:3:  nicolae_swamp_standing_stones, layout_basic_swamp,
          evilmike_swamp_ruin_house_3, swamp_pool_5,
          nicolae_swamp_bloodsuckers_inc
Swamp:4:  byrel_swamp_growth_death_and_undeath, layout_basic_swamp,
          swamp_pool_1_2, uniq_donald, uniq_aizul
Snake:1:  layout_basic
Snake:2:  layout_misc_corridors, lightli_airlock
Snake:3:  layout_onion, gammafunk_ghost_grave, serial_shops, shop
Snake:4:  johnstein_snake_rune_scales, layout_misc_corridors,
          nicolae_large_snake_swirl, serial_bayou_shore_b
Slime:1:  layout_caves
Slime:2:  nicolae_slime_infinislime, layout_caves
Slime:3:  layout_caves
Slime:4:  layout_caves, dissolution_awaits
Slime:5:  slime_pit_nicolae_royal_road_to_ruin
Orc:1:    layout_caves
Orc:2:    st_orc_elflike, layout_caves, elf_legates, uniq_rupert
Elf:1:    layout_geoelf_grid, nicolae_elf_crossing_hall, uniq_louise
Elf:2:    elven_hall_of_blades_hangedman_original
          [nicolae_blade_entry_floor_patterns], layout_geoelf_grid,
          enter_trove_2
Elf:3:    minmay_elf_hall_statues, layout_geoelf_octagon, minmay_shop_star,
          uniq_norris
Vaults:1: portal_desolation_entry_garden, nicolae_vaults_crenellated_ambush,
          grunt_vaults_hallway_long, v_misc_18, nicolae_vaults_mitosis,
          nicolae_vaults_trapezoid_1, nicolae_vaults_wine_cellar,
          vaults_room_grunt_arrival_ludios, nicolae_vaults_storage_closets_3,
          nicolae_vaults_little_squares_5, layout_vaults_ring, serial_shops,
          nicolae_shop_back_alley_shop
Vaults:2: nicolae_vaults_octothorpe, grunt_vaults_hallway_short,
          v_alt_pattern_5, nicolae_vaults_an_arrangement,
          nicolae_vaults_trapezoid_4, nicolae_vaults_closet_pinwheel_4,
          vaults_dpeg_diagonal, hangedman_vaults_trim, layout_vaults_quadrants
Vaults:3: nicolae_vaults_storage_closets_2, v_misc_28,
          nicolae_vaults_door_testing_chamber, ontoclasm_vaults_eye,
          nicolae_vaults_shelves_hall, minmay_crypt_entry_simple_statues,
          v_misc_15, nicolae_vaults_house_1, v_misc_14, dpeg_vaults_monster_box,
          layout_vaults_chaotic_city
Vaults:4: nicolae_vaults_what_the_h, st_greater_box_1,
          nicolae_vaults_stepped_doors, hangedman_vaults_trim, vaults_mumra_hex,
          dpeg_vaults_monster_row, nicolae_vaults_surprise_closet,
          ontoclasm_vaults_loading_screen, nicolae_vaults_double_plus_1,
          nicolae_vaults_house_1, vaults_dpeg_cross, layout_vaults_omnicross,
          uniq_sojobo, uniq_bai_suzhen
Vaults:5
Crypt:1:  layout_catacombs, gammafunk_ghost_abyssal_escape,
          minmay_misc_feat_rows, corexii_leaking_fountain, glass_columns_b,
          nicolae_crypt_niches, grunt_crypt_arrival_split
Crypt:2:  layout_catacombs, uniq_grunn, uniq_mennas, uniq_margery
Crypt:3:  david_glass_crypt, layout_basic, nicolae_tomb_entry_grand_gallery,
          uniq_jory
Tomb:1:   uniq_boris
Tomb:2
Tomb:3
Depths:1: cheibrodos_quadrivalence, layout_gridville, pan_entry, hell_entry,
          lemuel_blue_sif_altar, serial_shops, shop, kb_rosetta
Depths:2: minmay_the_grid_triangle_9x9_rhombus_thin_mashed
          [minmay_the_grid_triangle_9x9_swiss_cheese,
          minmay_the_grid_triangle_9x9_prize_top_heavy,
          minmay_the_grid_triangle_9x9_limited_checkers,
          minmay_the_grid_triangle_9x9_tough_junction], layout_gridlike,
          pan_entry, hangedman_decor_points, serial_shops,
          nicolae_shop_temple_entry_statues_fountains, grunt_hell_horde,
          kennysheep_pointless_box
Depths:3: lemuel_vampire_tower, layout_twisted_cross, hangedman_coc_ice_floe,
          special_room [special_room_morgue], abyss_entry,
          grunt_decor_arrowhead, minmay_crystal_room, minmay_st_funbox,
          serial_library_hellmonk_long_bookcase, serial_bayou_shore_b
Depths:4: grunt_zot_entry_pinwheel, layout_gridlike, enter_ziggurat_e,
          nicolae_abyss_entry_one_way_or_another, grunt_hell_entry_dis_grunt,
          hangedman_glass_teeth, chequers_serial_rivers_large_a
Hell
Dis:1:    layout_subdivisions
Dis:2:    layout_subdivisions
Dis:3:    layout_gridville
Dis:4:    layout_regular_city
Dis:5:    layout_jigsaw
Dis:6:    layout_jigsaw
Dis:7:    dis_st
Geh:1:    nicolae_geh_lava_swirls, layout_gehenna_pools_box,
          nicolae_hells_hurtin_island
Geh:2:    layout_gehenna_lava_caves
Geh:3:    layout_gehenna_pools_basic
Geh:4:    layout_gehenna_pools_basic
Geh:5:    layout_gehenna_lava_caves, special_room [special_room_morgue]
Geh:6:    layout_gehenna_lava_caves, nicolae_geh_fourpack
Geh:7:    evilmike_geh
Coc:1:    layout_cocytus_delve
Coc:2:    layout_cocytus_water_paths
Coc:3:    nicolae_coc_bergin, layout_ice_bergs
Coc:4:    layout_cocytus_water_paths
Coc:5:    nicolae_coc_caina, layout_ice_bergs
Coc:6:    hangedman_mysterious_dungeon_monster_house
Coc:7:    coc_old
Tar:1:    layout_grid_maze
Tar:2:    layout_cathedral_of_symmetry, nicolae_tar_combbox
Tar:3:    layout_catacombs
Tar:4:    nicolae_tar_ssshhh
Tar:5:    layout_cathedral_of_symmetry, nicolae_tar_liches_on_tour
Tar:6:    layout_catacombs
Tar:7:    tar_old
Zot:1:    layout_misc_corridors, hangedman_zot_decor_scrapings,
          nicolae_diode_intersection
Zot:2:    layout_concentric_octagons
Zot:3:    layout_misc_corridors, grunt_ministairs_5,
          regret_index_zot_stipple_split, lemuel_lich_library
Zot:4:    layout_twisted_circle, st_stairs_14, uniq_parghit
Zot:5:    layout_misc_corridors, lemuel_baited_zot_trap

Skill      XL: |  1  2  3  4  5  6  7  8  9 10 11 12 13 14 15 16 17 18 19 20 21 22 23 24 25 26 27 |
---------------+----------------------------------------------------------------------------------+-----
Shields        | 3 4 5 6 7 8 9 10 11 12 13 14 15 16 17 26 | 26.6
Unarmed Combat | 3 4 6 7 9 11 12 14 15 16 17 18 19 20 21 23 24 26 27 | 27.0
Dodging        | 3 4 5 6 7 8 9 |  9.9
Fighting       | 3 4 5 6 7 8 9 10 11 12 13 14 15 16 17 19 20 27 | 27.0
Translocations | 5 7 14 | 14.0
Spellcasting   | 3 4 |  4.4
Shapeshifting  | 7 10 15 16 17 18 19 20 21 23 25 | 25.1
Armour         | 2 5 11 | 11.8
Air Magic      | 9 |  9.9

Action                     |  1- 3 |  4- 6 |  7- 9 | 10-12 | 13-15 | 16-18 | 19-21 | 22-24 | 25-27 || total
---------------------------+-------+-------+-------+-------+-------+-------+-------+-------+-------++-------
  Melee: Unarmed           |    96 |   107 |   243 |   515 |  1203 |  1191 |  1120 |  1299 |  4049 ||  9823
         Kick              |       |       |       |       |       |       |       |       |  1030 ||  1030
         Headbutt          |       |       |       |       |       |       |       |       |   665 ||   665
  Throw: Stone             |     5 |     7 |       |       |       |       |       |       |       ||    12
         Boomerang         |       |     6 |    22 |    20 |    38 |    12 |     1 |     1 |       ||   100
         Throwing net      |       |       |       |     6 |     2 |     2 |     1 |       |     1 ||    12
         Large rock        |       |       |       |       |       |       |       |     1 |    33 ||    34
         Dart              |       |       |       |       |       |       |       |       |     3 ||     3
   Cast: Lesser Beckoning  |       |       |       |       |     3 |    11 |    10 |    21 |    39 ||    84
         Blink             |       |       |       |       |       |     7 |     4 |     1 |     5 ||    17
         Apportation       |       |       |       |       |       |    15 |    34 |    31 |    40 ||   120
         Vhi's Electric Ch |       |       |       |       |       |       |       |       |    54 ||    54
         Manifold Assault  |       |       |       |       |       |       |       |       |     2 ||     2
 Invoke: Serpent's Lash    |       |       |       |     8 |    31 |    29 |    27 |    12 |    46 ||   153
         Heavenly Storm    |       |       |       |       |       |       |     4 |     1 |    13 ||    18
Ability: Lunge             |       |     1 |    13 |    50 |   162 |   135 |    97 |   134 |   454 ||  1046
         Whirlwind         |       |       |    10 |    67 |   315 |   314 |   578 |   452 |  1421 ||  3157
         Wall Jump         |       |       |       |     9 |    27 |    20 |    14 |    30 |   161 ||   261
         Begin Untransform |       |       |       |       |       |       |       |     1 |       ||     1
  Evoke: Wand              |       |    15 |    16 |    19 |    23 |    25 |    11 |     2 |    43 ||   154
    Use: Scroll            |       |     3 |     7 |    10 |    13 |    20 |     7 |    10 |    30 ||   100
         Potion            |       |     1 |     1 |     3 |     6 |    11 |     6 |     1 |    13 ||    42
   Stab: Sleeping          |       |       |     2 |       |     2 |     5 |     1 |     3 |     1 ||    14
         Invisible         |       |       |     1 |     1 |     4 |     1 |     7 |     3 |     9 ||    26
         Held in net/web   |       |       |       |     2 |       |     1 |       |       |     3 ||     6
         Distracted        |       |       |       |       |     1 |     1 |       |     8 |     5 ||    15
         Fleeing           |       |       |       |       |       |     1 |       |       |       ||     1
 Armour: Robe              |    40 |    36 |    44 |       |       |       |       |       |       ||   120
         Animal skin       |       |       |    95 |   263 |   332 |   112 |       |       |       ||   802
         Skin              |       |       |       |       |       |   439 |   558 |   740 |  1232 ||  2969
         Ice dragon scales |       |       |       |       |       |       |       |       |   161 ||   161
  Dodge: Dodged            |    33 |    23 |    91 |   166 |   291 |   533 |   444 |   382 |   789 ||  2752
  Block: Kite shield       |    27 |    40 |   112 |   222 |   420 |   564 |   588 |   710 |   817 ||  3500
         Tower shield      |       |       |       |       |       |       |       |       |  1346 ||  1346
   Form: Statue            |       |       |       |       |       |     1 |       |     1 |     5 ||     7
         Death             |       |       |       |       |       |       |       |       |     5 ||     5
